 Dungeon Crawl Stone Soup version 0.21.1-1-g345015fe64 (webtiles) character file.

1850 Kohma the Cutter (level 8, -6/36 HPs)
             Began as a Spriggan Venom Mage on June 26, 2018.
             Was an Initiate of Gozag.
             Mangled by imnir's ghost (10 damage)
             ... on level 6 of the Dungeon.
             The game lasted 00:33:00 (11010 turns).

Kohma the Cutter (Spriggan Venom Mage)             Turns: 11010, Time: 00:33:00

Health: -6/36      AC:  2    Str:  5    XL:     8   Next: 88%
Magic:  16/16      EV: 20    Int: 18    God:    Gozag
Gold:   349        SH:  8    Dex: 18    Spells: 7/17 levels left

rFire    . . .     SeeInvis +   D - +3 short sword (elec)
rCold    . . .     Gourm    .   H - +2 buckler
rNeg     . . .     Faith    .   a - +0 robe
rPois    .         Spirit   .   (helmet restricted)
rElec    .         Reflect  .   j - scarf {cloud immunity}
rCorr    .         Harm     .   (gloves unavailable)
MR       +....                  (boots unavailable)
Stlth    +++.......             (no amulet)
HPRegen  0.12/turn              F - +2 ring of dexterity
MPRegen  0.15/turn              x - ring of flight

@: very quick
A: very small, unfitting armour, see invisible, herbivore, speed 3, slow
metabolism 2
a: Potion Petition, Call Merchant, Bribe Branch, Renounce Religion, Evoke Flight


You were on level 6 of the Dungeon.
You worshipped Gozag.
Gozag was aware of your devotion.
You were not hungry.

You visited 2 branches of the dungeon, and saw 7 of its levels.

You collected 453 gold pieces.
You paid 104 gold pieces to Gozag.

Inventory:

Hand Weapons
 e - a +1 dagger
 D - a +3 short sword of electrocution (weapon)
 G - a +0 hunting sling of freezing
Missiles
 d - 328 stones (quivered)
 g - 53 bolts
 h - 57 arrows
Armour
 a - a +0 robe (worn)
 j - a scarf of cloud immunity (worn)
 B - a +1 cloak
 H - a +2 buckler (worn)
Magical Staves
 k - an uncursed staff of summoning {unknown}
Jewellery
 w - an uncursed ring of ice
 x - a ring of flight (right hand)
 F - a +2 ring of dexterity (left hand)
Wands
 s - a wand of flame (24)
 I - a wand of disintegration (9)
Scrolls
 f - 6 scrolls of teleportation
 i - 2 scrolls of fear
 o - 2 scrolls of fog
 q - 2 scrolls of enchant armour
 C - a scroll of remove curse
 J - a scroll of summoning {unknown}
Potions
 l - a potion of haste {unknown}
 m - 3 potions of curing
 n - a potion of degeneration {unknown}
 p - a potion of agility
 r - a potion of cancellation {unknown}
 t - 4 potions of heal wounds
 u - a potion of ambrosia {unknown}
 v - 2 potions of brilliance {unknown}
 z - a potion of magic {unknown}
 A - a potion of invisibility {unknown}
 E - a potion of resistance {unknown}
Books
 b - a Young Poisoner's Handbook

   Spells                             Type                      Level
   a - Sting                          Conjuration/Poison           1
   b - Poisonous Vapours              Poison/Air                   2
   c - Mephitic Cloud                 Conjuration/Poison/Air       3
   d - Olgreb's Toxic Radiance        Poison                       4
   e - Venom Bolt                     Conjuration/Poison           5
 y - Kikubaaqudgha's Almanac of Evil Magic
   (You found it on level 3 of the Dungeon)

   Spells                             Type                      Level
   a - Pain                           Necromancy                   1
Comestibles
 c - 7 rations


   Skills:
 + Level 6.3 Short Blades
 - Level 5.0 Dodging
 - Level 5.2 Stealth
 * Level 1.4 Shields
 - Level 5.0 Spellcasting
 - Level 3.1 Conjurations
 - Level 4.1 Air Magic
 - Level 5.0 Poison Magic
 * Level 2.7 Evocations


You had 7 spell levels left.
You knew the following spells:

 Your Spells              Type           Power        Failure   Level  Hunger
a - Sting                 Conj/Pois      ###.         3%          1    None
b - Poisonous Vapours     Pois/Air       ###...       4%          2    #......
c - Mephitic Cloud        Conj/Pois/Air  ###.....     11%         3    ##.....
d - Olgreb's Toxic Radia  Pois           ###.....     26%         4    ####...


Dungeon Overview and Level Annotations

Branches:
Dungeon (6/15)             Temple (1/1) D:6

Altars:
Ashenzari
Cheibriados
Dithmenos
Elyvilon
Fedhas
Gozag
Hepliaklqana
Kikubaaqudgha
Nemelex Xobeh
Okawaru
Qazlal
Sif Muna
Trog
Uskayaw
Vehumet
Wu Jian
Xom
Yredelemnul
The Shining One

Annotations:
D:2 exclusion: 2 downstairs
D:3 exclusion: 2 downstairs
D:4 DildoBatman's ghost, novice OpWz
D:6 imnir's ghost, novice TrFi


Innate Abilities, Weirdness & Mutations

You are very small and have problems with some larger weapons.
You are too small for most types of armour.
You have supernaturally acute eyesight. (SInv)
You are a herbivore.
You cover ground extremely quickly.
You need consume almost no food.


Message History

Imnir's ghost closely misses you.
You hit imnir's ghost.
Imnir's ghost is moderately damaged.
Imnir's ghost hits you.
You hit imnir's ghost but do no damage.
Lightning courses through imnir's ghost!
Imnir's ghost is heavily damaged.
Imnir's ghost hits you.
You barely miss imnir's ghost.
Imnir's ghost is heavily damaged.
You hit imnir's ghost.
Imnir's ghost is heavily damaged.
Imnir's ghost barely misses you.
You hit imnir's ghost but do no damage.
Imnir's ghost is heavily damaged.
Imnir's ghost hits you!
* * * LOW HITPOINT WARNING * * *
Imnir's ghost hits you!
You die...
Your body crumbles into a pile of gold.

#.#.####.# #.######
#.#.####.# #[#....#
##.#...##.#####.#.####
#..#...#.#...........#
#.##...##.#####.#.##.'
#.###.#########.#.####
#.# #.# #......#.#..#
#.# #.# ##.######.#.##
#.# #@# #...........#
#.# #W# #).#........#
#.###.###....##.....#
#....)....#..##.###.##
#####.###...###.# #...
#.# #..####.# #### #.#
#.......# #
#.####.###### #
######......### #


You could see imnir's ghost.

Vanquished Creatures
  Prince Ribbit (D:6)
  Grinder (D:3)
  Sigmund (D:2)
  A sky beast (D:5)
  An orc warrior (D:6)
  2 ogres
  A centaur (D:6)
  A bullfrog (D:6)
  2 scorpions
  A crimson imp (D:5)
  A howler monkey (D:6)
  A centaur skeleton (D:4)
  An orc priest (D:4)
  Crazy Yiuf (D:3)
  A hound (D:6)
  A bullfrog skeleton (D:5)
  An orc wizard (D:6)
  Natasha (thrice) (D:2)
  2 iguanas (D:6)
  4 worker ants
  Robin (D:3)
  A howler monkey skeleton (D:4)
  6 adders
  An adder skeleton (D:5)
  4 worms
  6 dart slugs
  6 leopard geckos
  21 orcs
  11 bats
  A giant cockroach (D:1)
  18 goblins
  9 hobgoblins
  8 jackals
  2 quokkas
  2 ball pythons
  5 frilled lizards
  8 kobolds
  A leopard gecko zombie (D:5)
  4 rats
143 creatures vanquished.

Notes
Turn   | Place    | Note
-------+----------+-------------------------------------------
     0 | D:1      | Kohma the Spriggan Venom Mage began the quest for the Orb.
     0 | D:1      | Reached XP level 1. HP: 9/9 MP: 5/5
   224 | D:1      | Reached XP level 2. HP: 13/13 MP: 3/6
   606 | D:1      | Found a sparkling altar of Nemelex Xobeh.
   782 | D:1      | Learned a level 2 spell: Poisonous Vapours
   838 | D:1      | Reached XP level 3. HP: 16/16 MP: 2/8
   898 | D:1      | Learned a level 3 spell: Mephitic Cloud
  2437 | D:2      | Reached XP level 4. HP: 21/21 MP: 0/9
  2546 | D:2      | Reached skill level 5 in Poison Magic
  2633 | D:2      | Noticed Sigmund
  2646 | D:2      | Killed Sigmund
  2646 | D:2      | Reached XP level 5. HP: 24/24 MP: 1/12
  2800 | D:2      | Noticed Natasha
  2804 | D:2      | Killed Natasha
  2955 | D:2      | Noticed Natasha
  2959 | D:2      | Killed Natasha
  2959 | D:2      | Reached XP level 6. HP: 28/28 MP: 4/14
  3442 | D:2      | Noticed Natasha
  3445 | D:2      | Killed Natasha
  3549 | D:3      | Noticed Robin
  3702 | D:3      | Reached skill level 5 in Spellcasting
  3771 | D:3      | Noticed Grinder
  4148 | D:3      | Learned a level 4 spell: Olgreb's Toxic Radiance
  4374 | D:3      | Killed Robin
  4508 | D:3      | Killed Grinder
  4508 | D:3      | Reached skill level 1 in Short Blades
  4508 | D:3      | Reached XP level 7. HP: 20/32 MP: 15/15
  4849 | D:3      | Found a deep blue altar of Sif Muna.
  4850 | D:3      | Found an ancient bone altar of Kikubaaqudgha.
  4850 | D:3      | Found a radiant altar of Vehumet.
  4852 | D:3      | Identified Kikubaaqudgha's Almanac of Evil Magic
  4955 | D:3      | Found a runed door.
  4959 | D:3      | Noticed Crazy Yiuf
  4965 | D:3      | Killed Crazy Yiuf
  4965 | D:3      | Reached skill level 2 in Short Blades
  5077 | D:4      | Noticed DildoBatman's ghost (novice OpWz)
  5596 | D:4      | Found an iron altar of Okawaru.
  5662 | D:4      | Found a sand-covered staircase.
  7945 | D:5      | Entered Level 5 of the Dungeon
  8125 | D:5      | Found a shattered altar of Ashenzari.
  8152 | D:5      | Reached skill level 3 in Short Blades
  8688 | D:5      | Reached XP level 8. HP: 35/36 MP: 12/16
  9495 | D:6      | Noticed imnir's ghost (novice TrFi)
  9544 | D:6      | Found a blossoming altar of Fedhas.
  9547 | D:6      | Found a staircase to the Ecumenical Temple.
  9553 | D:6      | Reached skill level 5 in Dodging
  9553 | D:6      | Reached skill level 5 in Stealth
  9574 | Temple   | Entered the Ecumenical Temple
  9713 | Temple   | Became a worshipper of Gozag Ym Sagoz the Greedy
  9975 | D:6      | Noticed Prince Ribbit
  9988 | D:6      | Reached skill level 4 in Short Blades
 10098 | D:6      | Killed Prince Ribbit
 10098 | D:6      | Reached skill level 6 in Short Blades
 10391 | D:6      | Reached skill level 1 in Evocations
 10681 | D:6      | Reached skill level 1 in Shields
 11010 | D:6      | Mangled by imnir's ghost

Skill      XL: |  1  2  3  4  5  6  7  8 |
---------------+-------------------------+-----
Poison Magic   | 4 5 |  5.0
Spellcasting   | 4 5 |  5.0
Air Magic      | 2 3 4 |  4.1
Short Blades   | 1 3 6 |  6.3
Conjurations   | 2 3 |  3.1
Dodging        | 5 |  5.0
Stealth        | 5 |  5.2
Evocations     | 2 |  2.7
Shields        | 1 |  1.4

Action                   |  1- 3 |  4- 6 |  7- 9 || total
-------------------------+-------+-------+-------++-------
Melee: Dagger            |    18 |    14 |    37 ||    69
       Short sword       |       |       |    74 ||    74
Throw: Stone             |       |       |     5 ||     5
 Cast: Sting             |    48 |     3 |     5 ||    56
       Poisonous Vapours |    25 |    57 |   118 ||   200
       Olgreb's Toxic Ra |       |     1 |     3 ||     4
       Mephitic Cloud    |       |     1 |     1 ||     2
Evoke: Wand              |       |    10 |     1 ||    11
  Use: Scroll            |       |       |    16 ||    16
 Stab: Sleeping          |       |       |     2 ||     2
  Eat: Ration            |     1 |     1 |     4 ||     6
Armor: Robe              |     2 |     4 |     7 ||    13
Dodge: Dodged            |    35 |    30 |    78 ||   143
Block: Buckler           |       |       |     9 ||     9
